[Event "XV American Continental 2022"]
[Site "San Salvador"]
[Date "2022.05.07"]
[Round "7.1"]
[White "Quesada Perez, Yasser"]
[Black "Gareyev, Timur"]
[Result "1/2-1/2"]
[ECO "C49"]
[WhiteElo "2560"]
[BlackElo "2565"]
[Annotator "TA"]
[PlyCount "141"]
[EventDate "2022.05.02"]
[EventCountry "ESA"]
[SourceTitle "playchess.com"]
[Source "ChessBase"]
[SourceQuality "1"]
[TimeControl "40/5400+30:1800+30"]

1. e4 e5 2. Nf3 Nc6 3. Nc3 Nf6 4. Bb5 Bb4 5. O-O O-O 6. Bxc6 dxc6 7. d3 Re8 8. h3 {[%emt 0:00:33] C49: Four Knights: 4 Bb5 Bb4.} Nd7 9. Ne2 Nf8 10. Ng3 Ng6 {[%emt 0:02:24] [#]} 11. Nf5 $146 ({Predecessor:} 11. Bg5 Be7 12. Be3 Be6 13. Qd2 c5 14. b3 b6 15. a4 a5 16. Nh5 Qd7 17. Kh2 {0-1 (29) Vinter Schou,U (2349)-Nielsen,V (2301) Ballerup 2020}) 11... a5 12. a4 Bf8 13. Bg5 f6 14. Be3 Nf4 15. d4 exd4 16. N3xd4 Ne6 17. Nxe6 Qxd1 18. Rfxd1 Bxe6 19. Nd4 Bc8 20. Bf4 Rxe4 21. Bxc7 Re8 22. Rd3 Bd7 23. Rad1 Rec8 24. Bg3 b5 25. b3 (25. Nxb5 $5 cxb5 26. Rxd7 bxa4 27. Bd6 $11) 25... Be8 26. Ne6 Bg6 27. R3d2 Bb4 28. Rd7 Bf5 (28... Bxc2 $11 29. Rxg7+ Kh8) 29. Rxg7+ $16 Kh8 {[%emt 0:00:01] [#]} 30. Bh4 $1 {[%emt 0:00:58][%cal Oh4f6] White is much more active.} Bc3 {[%emt 0:05:24] [#]} (30... Bxe6 $2 31. Bxf6 h5 32. c3 $18 (32. Re7+ Kg8 $11)) (30... Rg8 $16 31. Bxf6 Rxg7 32. Nxg7 (32. Bxg7+ Kg8 $16) 32... Bxc2 33. Ne6+ Kg8) 31. Rg3 $1 $18 b4 32. Nd4 Bg6 33. Ne2 Bb2 34. Nf4 Bf5 35. Rd6 {[%emt 0:02:16] Strongly threatening c3.} Rf8 (35... Be5 $16) 36. Nd3 (36. Rxc6 $6 Be5 $16) 36... Bc3 37. Rxc6 Rae8 (37... Bd4 $142 38. Rd6 Rad8) 38. Re3 Be4 39. Rd6 Kg7 40. Rg3+ Bg6 41. Re3 $2 (41. f4 $18) 41... Rxe3 (41... Be4 $1 $11 {remains equal.}) 42. fxe3 $16 Rc8 43. Ra6 Be4 44. Ra7+ Kg8 45. Re7 ({Better is} 45. Rxa5 $16 Bd2 46. Nc5 (46. Bxf6 Rxc2 47. Nf2 Bxe3 $11) 46... Bxe3+ 47. Bf2 Bxc5 48. Rxc5 (48. Bxc5 Bxc2 49. Bxb4 Bxb3 $16) 48... Rxc5 49. Bxc5) 45... Bg6 $14 {[%emt 0:07:58] A strong pair of Bishops.} 46. Kh2 (46. Bg3 $14) 46... Ba1 $11 47. Ne1 Bc3 48. Ra7 Re8 49. Bf2 Rd8 (49... Bxe1 $11 50. Bxe1 Rxe3) 50. Nd3 (50. Rxa5 $16 {And now Kg3 would win.} Rd1 51. Nd3) 50... Bxd3 {[%emt 0:00:44] The position is equal.} 51. cxd3 Rxd3 52. Rxa5 {[%emt 0:01:14][%mdl 4096] Endgame KRB-KRB} Be5+ {[%emt 0:02:39][%mdl 64] Discovered Attack} 53. Bg3 Rxe3 ({But not} 53... Bxg3+ 54. Kxg3 Rxe3+ 55. Kf4 Rxb3 56. Ra7 $14) 54. Bxe5 fxe5 {[%emt 0:00:06] KR-KR} 55. Rb5 Rxb3 56. Rxe5 Ra3 57. a5 b3 58. Rb5 Kg7 59. a6 Rxa6 60. Rxb3 h5 61. Kg3 Kg6 62. Rb4 Rc6 63. Rd4 Ra6 64. Kf4 Rf6+ 65. Ke3 Ra6 66. g3 Rb6 67. h4 Ra6 68. Rd5 Re6+ 69. Kf4 Rf6+ 70. Ke4 Re6+ 71. Kf4 {[%emt 0:10:50] Blacks defense is rewarded with a draw.  Weighted Error Value: White=0.16 (very precise) /Black=0.18 (very precise)} 1/2-1/2

[Event "XV American Continental 2022"]
[Site "San Salvador"]
[Date "2022.05.07"]
[Round "7.2"]
[White "Swiercz, Dariusz"]
[Black "Pichot, Alan"]
[Result "1-0"]
[ECO "B91"]
[WhiteElo "2665"]
[BlackElo "2652"]
[Annotator "TA"]
[PlyCount "63"]
[EventDate "2022.05.02"]
[EventCountry "ESA"]
[SourceTitle "playchess.com"]
[Source "ChessBase"]
[SourceQuality "1"]
[TimeControl "40/5400+30:1800+30"]

1. e4 c5 2. Nf3 d6 3. d4 cxd4 4. Nxd4 Nf6 5. Nc3 a6 6. g3 e5 7. Nb3 Be7 8. Bg2 O-O 9. O-O b5 10. a4 {[%emt 0:00:11] B91: Sicilian Najdorf: 6 g3.} b4 11. Nd5 Nxd5 12. Qxd5 {[%emt 0:00:03] The position is equal.} Ra7 13. Be3 Be6 14. Qd3 Rd7 15. Rfc1 $36 {[%emt 0:29:31][%mdl 2048] White has some pressure.} d5 16. Nc5 {[%emt 0:01:47] [#]} dxe4 $146 (16... d4 $1 $11 17. Nxd7 Nxd7) ({Predecessor:} 16... d4 17. Nxe6 fxe6 18. Bd2 a5 19. Qb5 Bf6 20. Rd1 Rd6 21. Be1 Na6 22. Bf1 Rb6 23. Qxa5 {½-½ (40) Pessoa,F (2507)-Aguiar Garcia,J (2458) ICCF email 2019}) 17. Qxe4 Bd5 18. Qg4 (18. Qxb4 Bxg2 19. Kxg2 Rc7 $11) 18... f5 (18... Bxc5 $14 19. Bxc5 Re8) 19. Qe2 $16 {[%emt 0:05:16] Threatens to win with Bxd5+. White is more active.} (19. Nxd7 $6 fxg4 20. Bxd5+ Kh8 21. Nxf8 Qxd5 $11) (19. Qxb4 $6 f4 20. Bxd5+ (20. Nxd7 $2 Bxb4 21. Bxd5+ Kh8 $19) (20. gxf4 $2 exf4 21. Bxd5+ Rxd5 $19) 20... Rxd5 $14) 19... Bxc5 20. Bxc5 Rf6 {[%emt 0:04:44] [#]} (20... Rff7 $16) 21. Bxd5+ $1 $18 ({Don't play} 21. Qxe5 $6 Nc6 22. Qe1 Bxg2 23. Kxg2 Nd4 24. Bxd4 (24. Qxb4 $2 Qa8+ 25. Kg1 Ne2+ 26. Kf1 Re6 $19) 24... Rxd4 $16) (21. Bxb4 $6 Bxg2 22. Kxg2 Nc6 $16) 21... Rxd5 {[%emt 0:00:08] [#]} 22. Rd1 $1 {[%emt 0:00:01] And now Qc4 would win.} ({Much less strong is} 22. Bxb4 $6 Nc6 $16) 22... Re6 23. Bxb4 {[%emt 0:02:19] Strongly threatening Rxd5.} Nc6 24. Bc3 {[%emt 0:00:32] Black must now prevent Rxd5.} a5 (24... f4 {was called for.} 25. b4 Qd6) 25. Rxd5 Qxd5 26. Rd1 Nd4 27. Bxd4 exd4 28. Rxd4 Rxe2 $2 (28... Qh1+ 29. Kxh1 Rxe2) 29. Rxd5 {[%emt 0:00:04] White is clearly winning.} Rxc2 30. Rxf5 Rxb2 31. Rxa5 Ra2 32. Kg2 {[%emt 0:00:54] Weighted Error Value: White=0.01 (flawless) /Black=0.35} 1-0

[Event "XV American Continental 2022"]
[Site "San Salvador"]
[Date "2022.05.06"]
[Round "7.3"]
[White "Morovic Fernandez, Ivan"]
[Black "Yoo, Christopher Woojin"]
[Result "0-1"]
[ECO "A48"]
[WhiteElo "2495"]
[BlackElo "2535"]
[Annotator "TA"]
[PlyCount "78"]
[EventDate "2022.05.02"]
[EventCountry "ESA"]
[SourceTitle "playchess.com"]
[Source "ChessBase"]
[SourceQuality "1"]
[TimeControl "40/5400+30:1800+30"]

1. d4 Nf6 2. Nf3 g6 3. Nbd2 c5 4. dxc5 Qa5 5. a3 Qxc5 6. b4 Qc7 7. Bb2 Bg7 8. e3 O-O 9. c4 b6 10. Be2 Bb7 11. O-O d6 12. Rc1 Nbd7 13. Qb3 Rac8 14. Rfd1 Qb8 {[%emt 0:01:24] A48: 1 d4 Nf6 2 Nf3 g6: Torre, London and Colle Systems.} 15. Nb1 (15. Ng5 {looks sharper.} Rfe8 16. h3 h6 17. Ngf3) 15... Qa8 {[%emt 0:03:24] [#]} 16. Nbd2 $146 ({Predecessor:} 16. Nc3 Rfe8 17. h3 Ne4 18. Nd5 Bxb2 19. Qxb2 Nef6 20. Nc3 Ne4 21. Nb5 a6 22. Nbd4 {1-0 (51) Svane,R (2608)-Hnydiuk,A (2402) Chess.com INT 2020}) 16... Rc7 {[%emt 0:01:50] The position is equal.} 17. Rc2 Rfc8 18. Rdc1 e5 19. Ne1 a5 20. Bf3 Bxf3 21. Ndxf3 axb4 22. axb4 Ra7 23. Rd1 ({Reject} 23. c5 bxc5 24. bxc5 e4 $17) 23... Qc6 24. Rcc1 Bf8 25. b5 {[%emt 0:14:00] [#]} Nc5 $1 26. Qc2 ({Much weaker is} 26. bxc6 Nxb3 27. Rb1 (27. Rc3 Nc5 $17) 27... Nc5 $17) 26... Qe4 27. Qe2 Ra2 28. Ra1 Rca8 29. Nd2 Qf5 30. Qf3 R8a4 31. Rxa2 Rxa2 32. Bc1 (32. Bc3 $15) 32... Nfe4 33. Nxe4 Nxe4 34. Qxf5 gxf5 35. Nd3 Nc3 36. Re1 Rc2 {[%emt 0:01:10] Hoping for ...Na2. Black is more active.} 37. Kf1 (37. Ba3 $142) 37... Na4 (37... Na2 $17 {Threatens to win with ...e4.} 38. Re2 Rxc1+ 39. Nxc1 Nxc1) 38. Nb4 $15 Rxc4 39. Ba3 {[%emt 0:00:34][%mdl 8192] [#]} (39. Bd2 $15) 39... d5 $1 {[%emt 0:00:36] Weighted Error Value: White=0.39/Black=0.11 (very precise)} 0-1

[Event "XV American Continental 2022"]
[Site "San Salvador"]
[Date "2022.05.06"]
[Round "7.4"]
[White "Krysa, Leandro"]
[Black "Salinas Herrera, Pablo"]
[Result "1-0"]
[ECO "D52"]
[WhiteElo "2525"]
[BlackElo "2534"]
[Annotator "TA"]
[PlyCount "67"]
[EventDate "2022.05.02"]
[EventCountry "ESA"]
[SourceTitle "playchess.com"]
[Source "ChessBase"]
[SourceQuality "1"]
[TimeControl "40/5400+30:1800+30"]

1. d4 d5 2. c4 c6 3. Nf3 Nf6 4. Nc3 e6 5. Bg5 Nbd7 6. e3 Be7 7. Bd3 O-O 8. O-O dxc4 9. Bxc4 c5 10. dxc5 {[%emt 0:18:04] Strongly threatening b4. D60: Queen's Gambit Declined: Classical: Unusual White 7th moves.} Nxc5 11. Qc2 a6 12. Rfd1 {[%emt 0:01:09] White is slightly better.} Ncd7 13. Nd4 {[%emt 0:21:45] [#] White is much more active. The black rooks are badly placed.} Qa5 $146 ({Predecessor:} 13... Qc7 14. Bd3 h6 15. Bxf6 Nxf6 16. Rac1 Bd7 17. h3 Rac8 18. Qb1 Qb8 19. Nce2 Bd6 20. Nf3 Bc6 {0-1 (26) Lautenbach,W-Scheerer,M freechess.de 2018}) 14. Bh4 Ne5 15. Be2 Ng6 16. Bg3 Bd7 17. Bf3 Ra7 18. Nb3 Qb6 19. a4 Rc8 (19... a5 $14) 20. a5 $16 Qd8 21. Nd4 Rc5 22. Qb3 $36 {[%emt 0:02:39][%mdl 2048] White has strong initiative.} Rxa5 $2 {[%emt 0:06:36] Black cannot hold the game after this.} (22... Ne5 $16) 23. Rxa5 $18 ({Not} 23. Bxb7 Rxa1 24. Rxa1 Nh5 $16) 23... Qxa5 24. Bb8 {[%emt 0:00:15][%mdl 64] [#] Deflection} ({Less strong is} 24. Bxb7 Qb4 25. Qxb4 Bxb4 $14) 24... Ra8 25. Qxb7 {[%emt 0:00:09][%mdl 64] Trapped Piece} Rxb8 26. Qxb8+ Bf8 27. Bc6 Qh5 (27... Ne7 {was called for.}) 28. Bxd7 Nxd7 29. Qc8 Nc5 (29... Nb6 30. Qxa6 Qc5) 30. Nc6 Qg5 {[%emt 0:03:03] Prevents Ne7+.} 31. f4 Qh4 32. b4 Nb3 33. g3 Qh3 {[%emt 0:00:05] [#]} 34. Ne7+ $1 {[%emt 0:00:14][%mdl 512] Weighted Error Value: White=0.06 (flawless) /Black=0.69} 1-0

[Event "XV American Continental 2022"]
[Site "San Salvador"]
[Date "2022.05.06"]
[Round "7.5"]
[White "Figueredo Losada, Leonel"]
[Black "Kaidanov, Gregory"]
[Result "0-1"]
[ECO "C26"]
[WhiteElo "2337"]
[BlackElo "2556"]
[Annotator "TA"]
[PlyCount "50"]
[EventDate "2022.05.02"]
[EventCountry "ESA"]
[SourceTitle "playchess.com"]
[Source "ChessBase"]
[SourceQuality "1"]
[TimeControl "40/5400+30:1800+30"]

1. e4 e5 2. Nc3 Nf6 3. d4 exd4 4. Qxd4 Nc6 5. Qd3 Bc5 6. Bf4 {[%emt 0:01:33] C26: Vienna Game: 2...Nf6, sidelines .} d6 7. Qd2 O-O 8. O-O-O {[%emt 0:00:08] The position is equal.} Be6 9. f3 Nd7 {[%emt 0:01:39] [#]} 10. Be3 $146 ({Predecessor:} 10. h4 Nce5 11. Nh3 a6 12. Be3 b5 13. Nf4 Bxe3 14. Qxe3 Nb6 15. b3 b4 16. Ncd5 {1-0 (28) Mamedyarov,S (2770)-Adams,M (2716) Tornelo INT 2021}) 10... a6 11. Bxc5 Nxc5 12. Nge2 b5 13. Nf4 Ne5 (13... Rb8 $15) 14. Ncd5 Rb8 15. h4 b4 16. Nh5 (16. Nxb4 $11 c6 17. Qc3 (17. Bxa6 Bxa2 18. Nxa2 Qb6 $17) (17. Nxe6 fxe6 18. Qc3 Qf6 $14)) 16... c6 (16... Bxd5 $15 17. Qxd5 a5) 17. Ndf6+ $1 $11 Kh8 (17... gxf6 18. Qh6) 18. f4 $2 Ng4 $19 ({Not} 18... gxf6 19. fxe5 fxe5 20. Qh6 $11) 19. Nxh7 Kxh7 20. f5 g6 {[%emt 0:07:27][%cal Od8a5] Threatens to win with ...Qa5!} 21. Ng3 (21. fxe6 $142 gxh5 22. Qxd6 Nxe6 23. Bxa6) 21... gxf5 22. exf5 Bd5 23. Qg5 (23. f6 $142 Qxf6 24. Be2) 23... Rg8 {[%emt 0:00:46] Black is clearly winning.} ({Weaker is} 23... Qxg5+ 24. hxg5+ Kg8 25. Rd4 $17) 24. Rd4 {[%emt 0:04:37] [#]} Qe8 $1 25. Kd2 {[%emt 0:02:24] [#]} (25. Qf4 Qe1+) 25... Qe3+ {[%emt 0:01:37] Weighted Error Value: White=0.68/Black=0.14 (very precise)} 0-1

[Event "XV American Continental 2022"]
[Site "San Salvador"]
[Date "2022.05.06"]
[Round "7.6"]
[White "Sarkar, Justin"]
[Black "Hungaski, Robert"]
[Result "1/2-1/2"]
[ECO "C99"]
[WhiteElo "2325"]
[BlackElo "2521"]
[Annotator "TA"]
[PlyCount "44"]
[EventDate "2022.05.02"]
[EventCountry "ESA"]
[SourceTitle "playchess.com"]
[Source "ChessBase"]
[SourceQuality "1"]
[TimeControl "40/5400+30:1800+30"]

1. e4 e5 2. Nf3 Nc6 3. Bb5 a6 4. Ba4 Nf6 5. O-O Be7 6. Re1 b5 7. Bb3 d6 8. c3 O-O 9. h3 Na5 10. Bc2 c5 11. d4 Qc7 12. Nbd2 cxd4 13. cxd4 Nc6 14. Nb3 a5 15. Be3 a4 16. Nbd2 Nb4 17. Bb1 Bd7 18. a3 Nc6 19. Bd3 Qb7 {[%emt 0:00:15] C99: Closed Ruy Lopez: Chigorin Defence: 11 d4 Qc7 12 Nbd2 cxd4.} 20. Qe2 Rab8 21. Rac1 Rfc8 22. Red1 {[%emt 0:02:08] [#]} exd4 $146 {Black got outplayed after the opening.  Weighted Error Value: White=0.18 (very precise) /Black=0.14 (very precise)} ({Predecessor:} 22... Qa6 23. Nb1 exd4 24. Nxd4 Ne5 25. Nc3 Nxd3 26. Qxd3 Rc4 27. Nc2 Be6 28. Bd4 Qc8 29. Ne3 Rc6 {1-0 (55) Kraujunas,V (1630)-Petersen,H (1528) LSS email 2013}) 1/2-1/2

[Event "XV American Continental 2022"]
[Site "San Salvador"]
[Date "2022.05.06"]
[Round "7.7"]
[White "Proudian, Armen"]
[Black "Giron, Jorge Ernesto"]
[Result "1/2-1/2"]
[ECO "B39"]
[WhiteElo "2418"]
[BlackElo "2257"]
[Annotator "TA"]
[PlyCount "136"]
[EventDate "2022.05.02"]
[EventCountry "ESA"]
[SourceTitle "playchess.com"]
[Source "ChessBase"]
[SourceQuality "1"]
[TimeControl "40/5400+30:1800+30"]

1. e4 c5 2. Nf3 Nc6 3. d4 cxd4 4. Nxd4 g6 5. c4 Bg7 6. Be3 Nf6 7. Nc3 Ng4 8. Qxg4 Nxd4 9. Qd1 Nc6 10. Be2 (10. Rc1 $14) 10... Bxc3+ $11 {[%emt 0:01:21] B39: Sicilian: Maroczy Bind with 5...Bg7 and 7...Ng4.} 11. bxc3 Qa5 12. Qd2 d6 {[%emt 0:04:45] [#] White is slightly better.} 13. Rb1 $146 ({Predecessor:} 13. O-O Be6 14. Rab1 b6 15. f4 f6 16. f5 Bf7 17. c5 bxc5 18. Rb7 O-O 19. fxg6 hxg6 20. Bh6 Rfb8 21. Rd7 Qxa2 22. Qf4 Qxe2 23. Rxe7 Rb2 {0-1 (23) Kabelka,O (1939)-Cely,J (2078) Czech Republic 2015}) 13... Qc7 14. c5 {[%emt 0:01:52] Prevents b6.} dxc5 15. Bxc5 O-O 16. O-O Na5 17. Qg5 Re8 18. Bb5 {[%emt 0:07:00] A strong pair of Bishops.} Bd7 19. Bxe7 {[%emt 0:04:20] aiming for Bf6.} h6 20. Qh4 {[%emt 0:04:41] Strongly threatening Bf6.} Bxb5 21. Bf6 Qc6 (21... Bxf1 $2 {gets mated.} 22. Qxh6) 22. Rxb5 {[%emt 0:08:59] [#]} Rxe4 23. Qxh6 Qxf6 24. Rxa5 Qxc3 25. Rd5 Qc4 26. Qd2 Re2 27. Rd8+ {[%emt 0:00:56] [#]} (27. Qd1 $1 $11 {remains equal.}) 27... Rxd8 (27... Kg7 $1 $17 28. Qxe2 Qxe2 29. Rxa8 Qxa2) 28. Qxd8+ $17 {[%emt 0:00:09][%mdl 4096] Endgame KQR-KQR} Kg7 29. a3 Qc3 30. g3 Ra2 31. Qb8 {[%emt 0:04:16] The position is equal.} Rxa3 32. Qxb7 a5 33. h4 Qe5 34. Rd1 Ra1 35. Rxa1 Qxa1+ $11 {[%emt 0:00:04] KQ-KQ} 36. Kg2 Qd4 37. h5 gxh5 38. Qb5 a4 {[%emt 0:00:04] ...a3 is the strong threat.} 39. Qg5+ Kf8 40. Qxh5 Ke7 41. Qg5+ f6 42. Qa5 Qc4 43. Kh2 Ke6 44. Qb6+ Kf5 45. Qe3 Qe4 {[%emt 0:00:00] Threatens to win with ...Qxe3.} 46. Qc3 Kg6 47. Qa3 Qd4 48. Qf3 Kg5 49. Kg2 f5 {[%emt 0:00:00] White must now prevent ...Qe4.} 50. Qa3 Kg6 51. Qf8 Qd5+ 52. Kh2 Qf7 53. Qa3 Qd7 54. Qf8 Kg5 55. Qb4 Kf6 56. Qc3+ Ke6 57. Qc4+ Ke7 58. Qc5+ Kf6 59. Qc3+ Kg6 60. Qb4 Qc6 61. Qf8 Qe6 62. Qb4 Qe4 63. Qc3 Kh5 64. Qa3 Kg5 65. Qc3 Kg4 66. f3+ Qxf3 67. Qg7+ Kh5 68. Qh7+ (68. g4+ $5 Kh4 69. Qh7+ Kxg4 70. Qg7+ Kf4 71. Qh6+ Ke4 72. Qc6+ Ke3 73. Qb6+ Ke2 74. Qb2+ Ke1 75. Qb4+ Kf2 76. Qc5+ Ke2 77. Qc2+ Kf1 78. Qc1+ Kf2 79. Qc5+ Ke1 80. Qb4+ Kf2 81. Qc5+ $19) 68... Kg5 {[%emt 0:00:02] Weighted Error Value: White=0.11 (very precise) /Black=0.07 (flawless)} 1/2-1/2

[Event "XV American Continental 2022"]
[Site "San Salvador"]
[Date "2022.05.06"]
[Round "7.8"]
[White "Mekhitarian, Krikor Sevag"]
[Black "Arvelo Leo, Gian Carlo"]
[Result "1-0"]
[ECO "E10"]
[WhiteElo "2569"]
[BlackElo "2229"]
[Annotator "TA"]
[PlyCount "65"]
[EventDate "2022.05.02"]
[EventCountry "ESA"]
[SourceTitle "playchess.com"]
[Source "ChessBase"]
[SourceQuality "1"]
[TimeControl "40/5400+30:1800+30"]

1. d4 Nf6 2. c4 c5 3. d5 b5 4. cxb5 e6 5. dxe6 fxe6 6. Nf3 d5 7. g3 (7. Nc3 $5 ) 7... a6 {[%emt 0:11:04] is recently more successful than 7...Bd6. E10: Blumenfeld Gambit.} 8. bxa6 Bd6 9. Bg2 (9. Qa4+ Bd7 10. Qd1 O-O $11) 9... O-O {[%emt 0:00:36] White is slightly better.} 10. O-O Nc6 11. b3 Bxa6 12. Nc3 Qe7 13. Bb2 {[%emt 0:12:06] [#]} Rab8 $146 ({Predecessor:} 13... Kh8 14. Re1 d4 15. Na4 e5 16. e3 Rad8 17. exd4 cxd4 18. Ng5 Nb4 19. Ba3 d3 {1-0 (28) Postny,E (2606)-Arnold,M (2524) Chess.com INT 2017}) 14. Re1 Rfd8 (14... d4 $5 15. Na4 Bb5 $11) 15. Rc1 c4 16. Bh3 h6 (16... Bb4 $11 {keeps the balance.}) 17. e4 $16 d4 {[%emt 0:05:15] [#]} 18. e5 $1 Nxe5 19. Nxd4 (19. Nxe5 dxc3 20. Ng6 (20. Nc6 cxb2 21. Nxe7+ Bxe7 $17) 20... cxb2 $1 $17) 19... Bc5 {[%emt 0:01:06] A mistake that costs the game.} 20. Rxe5 $18 (20. Bxe6+ Kh8 21. Nd5 (21. Rxe5 Bxd4 22. Nd5 Rxd5 $19) 21... Nxd5 22. Rxe5 c3 $11) 20... Bxd4 {[%emt 0:00:21] [#]} 21. Nd5 $1 Rxd5 22. Bxd4 Rxe5 23. Bxe5 {[%emt 0:00:03] A strong pair of Bishops.} Rd8 24. Qe2 (24. Bxe6+ $2 Kh8 25. Qf3 Qxe6 26. Bxf6 gxf6 27. bxc4 Kg7 $19) 24... Kf7 25. Re1 {[%emt 0:00:39] aiming for Bxf6.} ({Don't take} 25. bxc4 Qd7 26. Re1 Qd3) 25... Bb7 (25... Nh7 {is a better defense.} 26. bxc4 Kg8) 26. Bxf6 Qxf6 27. Bxe6+ Kf8 28. Bxc4 Bc6 29. Qe6 Qxe6 30. Bxe6 (30. Rxe6 $2 {is the wrong capture.} Rd1+ 31. Bf1 Bd7 32. Rxh6 gxh6 $19) 30... Re8 31. f4 g6 (31... Bd7 {was worth a try.} 32. f5 (32. Bxd7 Rxe1+ 33. Kf2 Rd1 $15) 32... Bxe6 33. Rxe6 Ra8) 32. Kf2 Kg7 33. Bc4 {[%emt 0:00:18] Weighted Error Value: White=0.11 (very precise) /Black=0.39} 1-0

[Event "XV American Continental 2022"]
[Site "San Salvador"]
[Date "2022.05.06"]
[Round "7.9"]
[White "Cervantes Landeiro, Thalia"]
[Black "Jimenez Garcia, Emmanuel"]
[Result "1/2-1/2"]
[ECO "A40"]
[WhiteElo "2193"]
[BlackElo "2422"]
[Annotator "TA"]
[PlyCount "83"]
[EventDate "2022.05.02"]
[EventCountry "ESA"]
[SourceTitle "playchess.com"]
[Source "ChessBase"]
[SourceQuality "1"]
[TimeControl "40/5400+30:1800+30"]

1. d4 g6 2. c4 Bg7 3. Nc3 c5 4. d5 Bxc3+ 5. bxc3 e5 {[%emt 0:00:07] [#]} 6. e4 $1 {[%emt 0:04:19] A40: Unusual replies to 1 d4.} d6 7. Bd3 Nd7 8. Ne2 {[%emt 0:06:07] White is better.} Qe7 9. O-O Ngf6 10. f3 {[%emt 0:04:02] [#]} Kd8 $146 ({Predecessor:} 10... Nh5 11. g3 O-O 12. Bh6 Ng7 13. g4 Nb6 14. Kh1 Kh8 15. Rg1 Bd7 16. Qd2 Rg8 {½-½ (67) Uwira,O (2249)-Nothnagel,H (2303) Germany 2012}) 11. Be3 (11. Rb1 {feels hotter.} Kc7 12. Qb3 b6 13. a4) 11... Kc7 12. Qd2 Nh5 13. a4 a5 14. Rab1 b6 15. g4 Ng7 16. Bh6 Rg8 17. Ng3 {[%emt 0:02:00] Against f5} Ba6 18. Rf2 f6 19. h4 Raf8 20. Kg2 (20. Rg2 $16) 20... Rf7 $1 $14 {[%emt 0:13:15] [#]} 21. Rh1 (21. Kh3 $1 $16) 21... Ne8 (21... f5 $11 {remains equal.}) 22. Kf1 Qd8 23. Ke2 (23. Rg1 $142) 23... Qe7 ({Better is} 23... Ng7) 24. Kd1 $16 Kb7 25. Kc2 Ka7 26. Kb3 Bc8 27. Ka3 {[%emt 0:01:55] 0x0.002b16f22b2cdp-1022s more active pieces.} Ba6 28. Qe3 Nc7 29. Rh3 Ne8 30. Qc1 Kb7 31. Be3 Ka7 32. Rh1 Bc8 33. Qd2 Nb8 34. Qe2 Nd7 35. Rb1 Nc7 36. h5 g5 (36... Rh8 $16 37. Rh1 Rff8) 37. Nf5 {[%emt 0:00:15] White is clearly better.} Qf8 38. Qb2 Na8 39. Qb5 Nb8 40. Rfb2 Bxf5 41. exf5 ({Don't take} 41. gxf5 Rb7 $14) 41... Qe8 42. Be4 {[%emt 0:01:21] Weighted Error Value: White=0.12 (very precise) /Black=0.14 (very precise)} 1/2-1/2

[Event "XV American Continental 2022"]
[Site "San Salvador"]
[Date "2022.05.06"]
[Round "7.10"]
[White "Chavez, Ricardo Ernesto"]
[Black "Valdes Romero, Leonardo"]
[Result "0-1"]
[ECO "B07"]
[WhiteElo "2184"]
[BlackElo "2403"]
[Annotator "TA"]
[PlyCount "74"]
[EventDate "2022.05.02"]
[EventCountry "ESA"]
[SourceTitle "playchess.com"]
[Source "ChessBase"]
[SourceQuality "1"]
[TimeControl "40/5400+30:1800+30"]

1. e4 d6 2. d4 Nf6 3. Nc3 g6 4. Be3 Bg7 5. Qd2 c6 6. Nf3 b5 7. Bd3 O-O 8. h3 Nbd7 9. a4 {[%emt 0:02:41] B08: Pirc Defence: Classical System.} (9. O-O $5 ) 9... b4 10. Ne2 Qa5 11. O-O {[%emt 0:00:52] The position is equal.} c5 12. c3 bxc3 13. bxc3 Ba6 14. Bxa6 Qxa6 15. Ng3 {[%emt 0:00:16] [#]} Qa5 $146 ({Predecessor:} 15... Rfe8 16. Bh6 cxd4 17. cxd4 e5 18. dxe5 dxe5 19. Rad1 Rac8 20. Qg5 Re6 21. Bxg7 Kxg7 {1-0 (31) Flom,G (2437)-Neiman,E (2338) Haguenau 2013}) 16. Rfc1 Rfb8 17. Bh6 cxd4 18. Nxd4 (18. cxd4 $11 {keeps the balance.} Rb4 19. Bf4) 18... Qc5 $17 19. Ndf5 {[%emt 0:10:32] [#]} Bf8 (19... gxf5 $2 20. Qg5 Ne8 21. Bxg7 Nxg7 22. Nh5 $18) 20. Bxf8 Kxf8 21. Qh6+ Ke8 22. Nd4 Rb2 23. Rcb1 {[%emt 0:14:06] [#]} (23. Qg7 $142) 23... Rab8 ({Not} 23... Qxc3 24. Nb5 Rxb1+ 25. Rxb1 $11) ({Black should play} 23... Rxb1+ $1 24. Rxb1 Rb8 25. Rxb8+ Nxb8) 24. Qc1 R2b6 {[%emt 0:03:33] Black is much more active.} 25. Rb5 Qc4 26. Rxb6 Rxb6 27. a5 Rb8 28. Rb1 Rxb1 29. Qxb1 Qxc3 30. Qb7 Qxa5 {[%emt 0:00:44] Strongly threatening ...Kf8.} 31. Nc6 (31. Qa8+ $17 Qd8 32. Qxa7) 31... Qe1+ $19 32. Kh2 Kf8 33. Qxa7 h5 {[%emt 0:01:15][%cal Bh7h5,Bh5h4][%mdl 32] White must now prevent ...h4.} 34. Nd4 (34. f3 $142) 34... h4 35. Qa8+ Ne8 36. Nge2 (36. Nh1) 36... e5 37. Qd8 exd4 {[%emt 0:00:28] Weighted Error Value: White=0.47/Black=0.12 (very precise)} 0-1